 Dungeon Sprint DCSS version 0.27.1-33-g824d729ab1 (webtiles) character file.

Game seed: 10252245334543244112

6896 Adenis the Ninja (level 10, -9/118 HPs)
             Began as a Vampire Brigand on Dec 3, 2021.
             Was a High Priest of Dithmenos.
             Mangled by a hog (11 damage)
             ... in the Dungeon (Sprint I: "Red Sonja").
             The game lasted 00:03:51 (427 turns).

Adenis the Ninja (Vampire Brigand)                   Turns: 427, Time: 00:03:52

Health: -9/118     AC:  3    Str: 10    XL:     10   Next: 79%
Magic:  10/10      EV: 16    Int: 15    God:    Dithmenos [*****.]
Gold:   1012       SH:  0    Dex: 18    Spells: 9/9 levels left

rFire    . . .     SeeInvis +   m - +1 dagger (distort)
rCold    . . .     Faith    .   (no shield)
rNeg     . . .     Spirit   .   b - +0 robe
rPois    .         Reflect  .   (no helmet)
rElec    .         Harm     .   c - +0 cloak
rCorr    .         Rampage  .   (no gloves)
Will     +....     NoTele   +   (no boots)
Stlth    ..........             (no amulet)
HPRegen  0.49/turn              (no ring)
MPRegen  0.12/turn              (no ring)

@: berserking, healing quickly, wreathed by umbra, very quick
A: alive, fangs 3, see invisible, vampiric 2
a: Exsanguinate, Renounce Religion, Shadow Step, Shadow Form


You were in the Dungeon.
You worshipped Dithmenos.
Dithmenos was extremely pleased with you.
You visited 1 branch You collected 1012 gold pieces.

Inventory:

Hand Weapons
 a - a +2 dagger
 m - a +1 dagger of distortion (weapon)
Missiles
 d - 8 poisoned darts (quivered)
 e - 5 curare-tipped darts
Armour
 b - a +0 robe (worn)
 c - a +0 cloak (worn)
Scrolls
 k - a scroll of blinking
Potions
 f - a potion of curing
 h - a potion of haste
 i - 2 potions of magic
 l - a potion of lignification {unknown}
 n - a potion of flight {unknown}


   Skills:
 + Level 7.4 Fighting
 + Level 11.7 Short Blades
 + Level 7.0 Throwing
 + Level 6.9 Dodging
 O Level 27 Stealth


You had 9 spell levels left.
You didn't know any spells.
Your spell library was empty.

Dungeon Overview and Level Annotations

Branches:
Dungeon (1/1)

Altars:
Cheibriados
Dithmenos
Elyvilon
Fedhas
Gozag
Hepliaklqana
Kikubaaqudgha
Makhleb
Nemelex Xobeh
Okawaru
Qazlal
Ru
Sif Muna
Trog
Uskayaw
Vehumet
Wu Jian
Xom
Yredelemnul
Zin
The Shining One
Jiyva
Lugonu

Shops:
D ![


Innate Abilities, Weirdness & Mutations

Your natural rate of healing is accelerated.
You have razor-sharp teeth.
You have supernaturally acute eyesight. (SInv)
You are afflicted with vampirism and can become a bat while bloodless.


Message History

The hog barely misses you. The hog closely misses you.
The hog bites you but does no damage.
You puncture the hog!
Space bends around the hog.
The hog is almost dead.
Your shadow hits the hog but does no damage.
You puncture the hog!
You kill the hog!
Dithmenos accepts your kill.
Your Throwing skill increases to level 7!
You closely miss the hog. You bite the hog.
The hog is lightly wounded.
Your shadow hits the hog with a dagger. The hog bites you but does no damage.
The hog bites you.
You puncture the hog!
Space bends around the hog.
The hog is severely wounded.
The hog bites you.
* * * LOW HITPOINT WARNING * * *
You puncture the hog! Your bite misses the hog.
The hog is almost dead.
Your shadow hits the hog with a dagger. The hog closely misses you.
The hog bites you!
* * * LOW HITPOINT WARNING * * *
You barely miss the hog. You bite the hog.
You kill the hog!
Dithmenos accepts your kill.
You puncture the hog!
Space bends around the hog.
The hog is heavily wounded.
The hog bites you!
* * * LOW HITPOINT WARNING * * *
The hog bites you!
* * * LOW HITPOINT WARNING * * *
You puncture the hog!
The hog is severely wounded.
The hog misses you.
You barely miss the hog.
The hog is severely wounded.
The hog bites you!
* * * LOW HITPOINT WARNING * * *
The hog bites you!
You die...

########################
_#$.'..)#((#§.§h@hh.§..+
.'..#...##§#§####hh.§§##
_####)..'††#.# ##h§§##
##§§#####†§§.# ###+#
≈§.§#§.##+####
≈§.§§§§#..° ≈≈§)#.§#°.°.
'#####'###°9.
.([###.'.#°°.#


You could see 6 hogs.

Vanquished Creatures
  2 centaur warriors (D)
  Sonja (D)
  A deep troll (D)
  A lindwurm (D)
  An oklob plant (D)
  2 kobold demonologists (D)
  4 demonic crawlers (D)
  A hornet (D)
  A slime creature (D)
  Sigmund (D)
  A yak (D)
  2 redbacks (D)
  7 hogs (D)
  A floating eye (D)
  An ogre (D)
  A jelly (D)
  Ijyb (D)
29 creatures vanquished.

Notes
Turn   | Place    | Note
-------+----------+-------------------------------------------
     0 | D        | Adenis the Vampire Brigand began the quest for the Orb.
     0 | D        | Reached XP level 1. HP: 16/16 MP: 1/1
     2 | D        | Noticed Ijyb
     6 | D        | Killed Ijyb
     7 | D        | Reached skill level 9 in Stealth
     7 | D        | Reached XP level 2. HP: 22/22 MP: 2/2
     8 | D        | Noticed an ogre
    12 | D        | Killed an ogre
    13 | D        | Reached skill level 13 in Stealth
    13 | D        | Gained mutation: You are afflicted with vampirism and can
                  | become a bat while bloodless. [Vampire growth]
    13 | D        | Reached XP level 3. HP: 29/29 MP: 3/3
    13 | D        | Reached XP level 4. HP: 35/35 MP: 4/4
    14 | D        | Noticed Sigmund
    49 | D        | Killed Sigmund
    50 | D        | Reached skill level 16 in Stealth
    50 | D        | Reached XP level 5. HP: 32/42 MP: 5/5
    50 | D        | Reached XP level 6. HP: 36/48 MP: 6/6
    79 | D        | Found an ornate altar of the Wu Jian Council.
    79 | D        | Found a shimmering blue altar of Sif Muna.
    81 | D        | Found a radiant altar of Vehumet.
   101 | D        | Found Tarr's Distillery.
   101 | D        | Found an ancient bone altar of Kikubaaqudgha.
   101 | D        | Found a hazy altar of Hepliaklqana.
   101 | D        | Found a stormy altar of Qazlal.
   101 | D        | Found a hide-covered altar of Uskayaw.
   101 | D        | Found a blossoming altar of Fedhas.
   101 | D        | Found a bloodstained altar of Trog.
   101 | D        | Found an iron altar of Okawaru.
   101 | D        | Found a basalt altar of Yredelemnul.
   101 | D        | Found a snail-covered altar of Cheibriados.
   101 | D        | Found a sacrificial altar of Ru.
   101 | D        | Found a shadowy altar of Dithmenos.
   101 | D        | Noticed a yak
   102 | D        | Found an opulent altar of Gozag.
   103 | D        | Killed a yak
   104 | D        | Reached skill level 5 in Short Blades
   104 | D        | Reached skill level 18 in Stealth
   126 | D        | Found a sparkling altar of Nemelex Xobeh.
   134 | D        | Became a worshipper of Dithmenos the Shadowed
   158 | D        | Found a burning altar of Makhleb.
   158 | D        | Found a viscous altar of Jiyva.
   158 | D        | Found a shimmering altar of Xom.
   158 | D        | Found a corrupted altar of Lugonu.
   158 | D        | Noticed a slime creature
   161 | D        | Killed a slime creature
   162 | D        | Reached skill level 19 in Stealth
   162 | D        | Reached XP level 7. HP: 55/55 MP: 7/7
   168 | D        | Noticed a centaur warrior
   168 | D        | Noticed a centaur warrior
   174 | D        | Noticed Sonja
   178 | D        | Killed Sonja
   179 | D        | Reached skill level 5 in Fighting
   179 | D        | Reached skill level 21 in Stealth
   179 | D        | Reached XP level 8. HP: 62/62 MP: 8/8
   200 | D        | Noticed a deep troll
   204 | D        | Killed a deep troll
   204 | D        | Reached * piety under Dithmenos
   205 | D        | Reached skill level 22 in Stealth
   214 | D        | Found Kougizupp's Armour Emporium.
   240 | D        | Killed a centaur warrior
   241 | D        | Reached skill level 5 in Throwing
   241 | D        | Reached skill level 24 in Stealth
   241 | D        | Reached XP level 9. HP: 69/69 MP: 9/9
   241 | D        | Killed a centaur warrior
   242 | D        | Reached skill level 25 in Stealth
   250 | D        | Reached ** piety under Dithmenos
   263 | D        | Noticed an oklob plant
   265 | D        | Killed an oklob plant
   266 | D        | Reached skill level 26 in Stealth
   277 | D        | Reached XP level 10. HP: 76/76 MP: 10/10
   332 | D        | Reached *** piety under Dithmenos
   337 | D        | Reached skill level 27 in Stealth
   346 | D        | Reached **** piety under Dithmenos
   350 | D        | Reached skill level 10 in Short Blades
   350 | D        | Reached skill level 5 in Dodging
   365 | D        | Noticed a lindwurm
   368 | D        | Killed a lindwurm
   368 | D        | Reached ***** piety under Dithmenos
   384 | D        | Noticed a gargoyle
   427 | D        | HP: 2/118 [hog (9)]
   427 | D        | Mangled by a hog

Illustrated notes

Levels and vault maps discovered:
D:        dungeon_sprint_1 [red_sonja_temple_1, red_sonja_temple_small_1]

Skill      XL: |  1  2  3  4  5  6  7  8  9 10 |
---------------+-------------------------------+-----
Fighting       | 2 3 4 5 6 7 |  7.4
Throwing       | 2 3 4 5 7 |  7.0
Stealth        | 9 13 16 19 21 24 26 27 | 27.0
Short Blades   | 3 4 5 6 7 8 11 | 11.7
Dodging        | 2 3 4 6 |  6.9

Action                   |  1- 3 |  4- 6 |  7- 9 | 10-12 || total
-------------------------+-------+-------+-------+-------++-------
Melee: Dagger            |     2 |    35 |     8 |    33 ||    78
       Bite              |       |     1 |       |     3 ||     4
  Use: Potion            |       |       |       |     2 ||     2
 Stab: Sleeping          |     2 |     3 |     8 |    11 ||    24
Armor: Skin              |       |     8 |       |       ||     8
       Robe              |       |       |       |     3 ||     3
Dodge: Dodged            |       |     2 |       |    25 ||    27
